Cogmind - Beta 16 @@@ ROGUE MODE // 2025.12.18 @ 19:59:55 Player: tsintsir Result: Destroyed by Y-54 Guardian with Flak Gun Performance ------------- Evolutions (0) 0 Regions Visited (3) 600 Robots Destroyed (39) 195 Value Destroyed (600) 600 Prototype IDs (0) 0 Alien Tech Used (0) 0 Bonus (0) 0 TOTAL SCORE: 1395 Bonus ------- None Cogmind --------- Core Integrity 0/250 Matter 220/300 Energy 250/250 System Corruption 0% Temperature Cool (12) Movement Walking (190) Ox1 Location -7/Recycling Parts ------- > --- POWER (1) -------- Ion Engine > --- PROPULSION (2) --- Aluminum Leg > --- UTILITY (2) ------ Sensor Array Signal Interpreter > --- WEAPON (2) ------- High-powered Shotgun High-powered Shotgun > --- INVENTORY (5) ---- Ion Engine Flight Unit Medium Matter Pod (0) Datajack Mining Laser Peak State ------------ > --- POWER ------------ Ion Engine > --- PROPULSION ------- Aluminum Leg Aluminum Leg > --- UTILITY ---------- Medium Matter Pod Improved Terrain Scanner > --- WEAPON ----------- Spread Laser Spread Laser > --- INVENTORY -------- Ion Engine Sensor Array Signal Interpreter Datajack Mining Laser [Rating: 11] Favorites ----------- Power Ion Engine Engine Ion Engine Propulsion Hover Unit Leg Aluminum Leg Wheel Wheel Hover Unit Hover Unit Flight Unit Flight Unit Utility Medium Matter Pod Device Improved Terrain Scanner Storage Medium Matter Pod Processor Signal Interpreter Weapon Assault Rifle Energy Gun Spread Laser Ballistic Gun Assault Rifle Ballistic Cannon Light Cannon Special Weapon Mining Laser Build | -11 -10 -10 -7 ------- Run | Yrd Mat Sub Rec Slots Evolved . | . . . . Power . | . . . . Propulsion . | . . . . Utility . | . . . . Weapon . | . . . . Parts Attached 33 | 15 13 3 2 Power 2 | 1 1 . . Engine 2 | 1 1 . . Core . | . . . . Reactor . | . . . . Propulsion 10 | 5 4 1 . Treads . | . . . . Leg 4 | 2 2 . . Wheel 3 | 3 . . . Hover 2 | . 2 . . Flight 1 | . . 1 . Utility 6 | 4 . 2 . Device 3 | 2 . 1 . Storage 2 | 2 . . . Processor 1 | . . 1 . Hackware . | . . . . Protection . | . . . . Artifact . | . . . . Weapon 15 | 5 8 . 2 Energy Gun 3 | . 3 . . Energy Cannon . | . . . . Ballistic Gun 7 | 3 2 . 2 Ballistic Cannon 1 | . 1 . . Launcher . | . . . . Special Weapon 4 | 2 2 . . Impact Weapon . | . . . . Slashing Weapon . | . . . . Piercing Weapon . | . . . . Special Melee Weapon . | . . . . Unidentified Prototypes . | . . . . Parts Lost 4 | . 2 1 1 Power . | . . . . Propulsion 2 | . 1 . 1 Utility 1 | . . 1 . Weapon 1 | . 1 . . Highest Loss Streak 1 | . 1 1 1 To Critical Strikes . | . . . . Average Backups 5 | 5 4 5 5 Power . | . . . 1 Propulsion 1 | 1 . . 1 Utility 1 | 1 1 1 1 Weapon . | 1 . 1 1 Tool/Special . | . . . . Unused Backups 5 | 2 2 . 1 Power . | . . . . Propulsion 4 | 2 2 . . Utility . | . . . . Weapon . | . . . . Tool/Special 1 | . . . 1 Average Slot Usage (%) 98 | . 98 99 99 Engine 14 | . 14 14 14 Leg 12 | . 8 28 27 Hover 14 | . 18 . . Device 12 | . 12 13 14 Storage 13 | . 15 6 . Processor 1 | . . 7 14 Energy Gun 8 | . 6 26 13 Ballistic Gun 16 | . 18 . 14 Ballistic Cannon 2 | . 2 . . Peak Build Rating 11 | 9 11 11 11 Average Rating 8 | 7 9 9 9 On Entrance 6 | . 7 11 9 Avg Prop Armor Cover (%) . | . . . . Naked Turns . | . . . . Heaviest Build 16 | 15 16 14 12 Greatest Support 26 | 26 20 20 20 Greatest Overweight (x) 2 | . 2 . 1 Average Overweight (x) . | . . . . Largest Inventory Capacity 8 | 8 8 5 5 Average Capacity 5 | 7 5 5 5 Most Carried 8 | 8 8 5 5 Average Carried 5 | 5 4 4 5 Final Capacity 8 | 8 5 5 5 Final Carried 6 | 6 5 5 5 Class Distribution -------------------- 56% | Scavenger-Mutant 43% | Mutant Dominant Class ---------------- Scavenger-Mutant | -10/Materials Mutant | -10/Subcaves Mutant | -7/Recycling Resources | -11 -10 -10 -7 ----------- Run | Yrd Mat Sub Rec Matter Collected 1159 | 578 494 87 . Remotely . | . . . . Salvage Created 1079 | 336 656 87 . Parts 90 | 35 48 7 . Haulers Intercepted 2 | . 2 . . Recyclers Shooed . | . . . . Parts Field Recycled . | . . . . Retrieved Matter . | . . . . Parts Self-Destructed 18 | . . 18 . Prevented . | . . . . Parts Restored . | . . . . Kills | -11 -10 -10 -7 ------- Run | Yrd Mat Sub Rec Combat Hostiles Destroyed 12 | . 8 4 . Guns 6 | . 2 4 . Cannons 6 | . 6 . . Classes Destroyed 10 | 3 5 2 . Worker 4 | 4 . . . Builder 2 | . 2 . . Tunneler 9 | 9 . . . Hauler 2 | . 2 . . Recycler 3 | 1 2 . . Operator 2 | . 2 . . Turret 2 | . . 2 . Watcher 3 | . 3 . . Swarmer 4 | . . 4 . Grunt 8 | . 8 . . Best Kill Streak 7 | 7 3 4 . Combat Bots Only 4 | . 2 4 . Max Kills in Single Turn 2 | 1 1 2 . Gunslinging 1 | . . 1 . Exploded . | . . . . Melee . | . . . . Uniques/NPCs Destroyed . | . . . . Combat | -11 -10 -10 -7 -------- Run | Yrd Mat Sub Rec Hostile Shots Fired 152 | . 62 54 36 Missed 55 | . 19 23 13 Hits 97 | . 43 31 23 Projectile 97 | . 43 31 23 Critical Strikes 1 | . 1 . . Damage Taken 991 | . 601 224 166 Core 252 | . 174 31 47 Absorbed by Shields . | . . . . Core Remaining (%) 100 | 100 . . . Volleys Fired 165 | 64 81 17 3 Largest 2 | 2 2 2 2 Hottest 200 | 200 165 165 50 Shots Fired 289 | 103 153 27 6 Gun 192 | 56 114 16 6 Cannon 31 | . 31 . . Launcher . | . . . . Special 66 | 47 8 11 . Kinetic 196 | 56 134 . 6 Thermal 93 | 47 19 27 . Explosive . | . . . . Electromagnetic . | . . . . Robot Hit Streak 7 | 4 6 7 7 Robot Miss Streak 5 | 3 5 4 1 Penetration Max . | . . . . Secondary Targets 2 | . . 2 . Max Gunslinging Chain 1 | . . 1 . Shots Hit Robots 120 | 30 76 8 6 Core Hits 67 | 19 34 11 3 Critical Kills . | . . . . Critical Parts Destroyed . | . . . . Critical Strikes . | . . . . Melee Attacks . | . . . . Impact . | . . . . Slashing . | . . . . Piercing . | . . . . Sneak Attacks . | . . . . Combat Hostiles . | . . . . Follow-up Attacks . | . . . . Damage Inflicted 1594 | 320 1050 108 116 Guns 1225 | 320 681 108 116 Cannons 369 | . 369 . . Explosions . | . . . . Melee . | . . . . Ramming . | . . . . Kinetic 1447 | 320 1011 . 116 Thermal 147 | . 39 108 . Explosive . | . . . . Electromagnetic . | . . . . Impact . | . . . . Slashing . | . . . . Piercing . | . . . . Highest Corruption . | . . . . Average Corruption . | . . . . Corruption Purged . | . . . . Corruption Blocked . | . . . . Overload Shots . | . . . . Overflow Damage 13 | . 13 . . Projectiles 13 | . 13 . . Explosions . | . . . . Melee . | . . . . Knockbacks 2 | . 2 . . Impact . | . . . . Kinetic 2 | . 2 . . Secondary . | . . . . Self-Inflicted Damage . | . . . . Shots . | . . . . Rammed . | . . . . Targets Rammed . | . . . . Kicked . | . . . . Crushed . | . . . . Highest Temperature 220 | 220 89 33 8 Average Temperature 59 | 80 34 15 6 Received Heat Transfer 537 | . 339 150 48 Effects 3 | 3 . . . Energy Bleed 1 | 1 . . . Interference 2 | 2 . . . Siege Activations . | . . . . Martial Activations . | . . . . Shielding Activations . | . . . . Robots Disrupted . | . . . . Combat Hostiles . | . . . . Robots Corrupted . | . . . . Combat Hostiles . | . . . . Parts Fried . | . . . . Impact Corruptions . | . . . . Robots Melted . | . . . . Combat Hostiles . | . . . . Parts Melted . | . . . . Heat Transferred 205 | . 70 135 . Parts Sabotaged . | . . . . Parts Stolen . | . . . . Parts Stripped . | . . . . Power Chain Reactions . | . . . . Alert | -11 -10 -10 -7 ------- Run | Yrd Mat Sub Rec Maximum Alert Level . | . . . . Low Security (%) 100 | 100 100 . 100 Level 1 . | . . . . Level 2 . | . . . . Level 3 . | . . . . Level 4 . | . . . . Level 5 . | . . . . High Security . | . . . . Max Security . | . . . . Peak Influence 137 | 15 137 . 26 Initial 26 | . . . 26 Average 27 | . 41 . 2 Influence Increases 602 | 70 331 195 6 Destroy 0b10 Robot/C 280 | . 160 120 . Destroy 0b10 Robot/NC 125 | 70 55 . . Destroy Leader 50 | . 50 . . Successful Hack 18 | . 12 . 6 Disable Machine 15 | . 15 . . Destroy Structure 9 | . 9 . . Lose Combat Pursuer 105 | . 30 75 . Influence Decreases 602 | 70 221 250 61 Entered New Map 83 | . . 54 29 Time Decay 499 | 70 201 196 32 Lost Part 20 | . 20 . . Squads Dispatched 2 | . 2 . . Investigation 1 | . 1 . . Extermination . | . . . . Reinforcement 1 | . 1 . . Assault . | . . . . Garrison . | . . . . Intercept . | . . . . Searches Triggered . | . . . . Construction Impeded . | . . . . Haulers Reinforced . | . . . . Active Scanning Responses . | . . . . Cargo Convoy Interrupts . | . . . . Stealth | -11 -10 -10 -7 --------- Run | Yrd Mat Sub Rec Distress Signals 1 | . 1 . . Communications Jammed . | . . . . Distress Signals . | . . . . Times Spotted 27 | . 17 9 1 Peak Tracking Total 6 | . 4 6 1 Tactical Retreats 4 | . 1 3 . Traps | -11 -10 -10 -7 ------- Run | Yrd Mat Sub Rec Traps Triggered 1 | . 1 . . Indirectly . | . . . . Trap Hack Attempts . | . . . . Triggered . | . . . . Disarmed . | . . . . Reprogrammed . | . . . . Reused . | . . . . Traps Extracted . | . . . . Installed . | . . . . Triggered . | . . . . Machines | -11 -10 -10 -7 ---------- Run | Yrd Mat Sub Rec Machines Disabled 1 | . 1 . . Max in Single Turn 1 | . 1 . . Machines Repaired . | . . . . Machines Dismantled . | . . . . Machines Sabotaged . | . . . . Overloaded Fab Kills . | . . . . Hacking | -11 -10 -10 -7 --------- Run | Yrd Mat Sub Rec Machines Accessed 16 | . 8 . 8 Terminals 10 | . 6 . 4 Fabricators . | . . . . Repair Stations . | . . . . Recycling Units 6 | . 2 . 4 Scanalyzers . | . . . . Garrison Access . | . . . . Total Hacks 32 | . 19 . 13 Successful 16 | . 8 . 8 Failed 16 | . 11 . 5 Catastrophic 9 | . 6 . 3 Database Lockouts . | . . . . Manual 19 | . 12 . 7 Terminals 26 | . 17 . 9 Fabricators . | . . . . Repair Stations . | . . . . Recycling Units 6 | . 2 . 4 Scanalyzers . | . . . . Garrison Access . | . . . . Terminal Hacks 9 | . 5 . 4 Record 1 | . . . 1 Robot Analysis 2 | . 2 . . Branch Access Points 1 | . . . 1 Terminal Index 2 | . 1 . 1 Dispatch Records 1 | . 1 . . Registered Components 1 | . . . 1 Zone Layout 1 | . 1 . . Fabricator Hacks . | . . . . Repair Station Hacks . | . . . . Recycling Unit Hacks 5 | . 2 . 3 Report Inventory 5 | . 2 . 3 Scanalyzer . | . . . . Garrison Access Hacks . | . . . . Unauthorized Hacks 2 | . 1 . 1 Terminals 2 | . 1 . 1 Operators 2 | . 1 . 1 Fabricators . | . . . . Repair Stations . | . . . . Recycling Units . | . . . . Scanalyzers . | . . . . Garrison Access . | . . . . Data Cores Recovered 1 | . 1 . . Used . | . . . . Hacking Detections 12 | . 7 . 5 Full Trace Events 2 | . 2 . . Feedback Events . | . . . . Feedback Blocked . | . . . . Robot Schematics Acquired . | . . . . Robots Built . | . . . . Authchips . | . . . . Time . | . . . . Total Robot Build Rating . | . . . . Part Schematics Acquired . | . . . . Parts Built . | . . . . Authchips . | . . . . Time . | . . . . Total Part Build Rating . | . . . . Part Studies Acquired . | . . . . Parts Repaired . | . . . . Time . | . . . . Parts Recycled . | . . . . Recycled Matter . | . . . . Retrieved Matter . | . . . . Retrieved Components . | . . . . Parts Scanalyzed . | . . . . Part Schematics Acquired . | . . . . Parts Damaged . | . . . . Bothacking | -11 -10 -10 -7 ------------ Run | Yrd Mat Sub Rec Used RIF Installer . | . . . . Robots Hacked . | . . . . Non-combat . | . . . . Combat . | . . . . Robot Hacks Applied . | . . . . Relay Couplers Released . | . . . . Fabnet Peak Effective % . | . . . . Robots Rewired . | . . . . Allies Hacked . | . . . . Hacks Repelled . | . . . . Allies | -11 -10 -10 -7 -------- Run | Yrd Mat Sub Rec Total Allies . | . . . . Largest Group . | . . . . Highest-Rated Group . | . . . . Highest-Rated Ally . | . . . . Total Orders . | . . . . Ally Attacks . | . . . . Total Damage . | . . . . Kills . | . . . . Allies Corrupted . | . . . . Allies Melted . | . . . . Intel | -11 -10 -10 -7 ------- Run | Yrd Mat Sub Rec Active Infowar (turns) 5804 | 356 4396 570 482 Sensors 810 | . . 328 482 Terrain 4678 | 40 4396 242 . Seismic 316 | 316 . . . Robot Analysis Total 2 | . 2 . . Derelict Logs Recovered . | . . . . Drone Launches . | . . . . Drone Recoveries . | . . . . Exploration | -11 -10 -10 -7 ------------- Run | Yrd Mat Sub Rec Turns Passed 7904 | 2010 4815 597 482 Spaces Moved 2134 | 396 1333 146 259 Core 3 | 3 . . . Treads . | . . . . Legs 902 | 10 487 146 259 Wheels 469 | 383 86 . . Hover 760 | . 760 . . Flight . | . . . . Fastest Speed 50 | 50 56 120 120 Average Speed 98 | 81 96 120 120 Slowest Speed 190 | 120 190 120 190 Overloaded Moves . | . . . . Propulsion Burnouts . | . . . . Robots Hopped . | . . . . Potential Cave-ins . | . . . . Cave-ins Triggered . | . . . . Exploration Rate (%) 40 | 6 98 10 48 Regions Visited 3 Branch Regions 2 Pre-discovered Areas . | . . . . Known Exits Taken 1 | . . 1 . Unknown Exits Taken 2 | 1 1 . . Scrap Searched . | . . . . Spaces Dug 22 | 15 7 . . Terrain Destroyed 23 | 16 7 . . Melee . | . . . . Projectile 23 | 16 7 . . AOE . | . . . . Terrain Rammed . | . . . . Walls Destroyed . | . . . . Machines Disabled . | . . . . Actions | -11 -10 -10 -7 --------- Run | Yrd Mat Sub Rec Total 7526 | 1890 4696 516 424 Wait 5124 | 1390 3237 339 158 Move 2131 | 395 1332 145 259 Hop . | . . . . Pick Up 17 | 9 6 2 . Fast Attach 27 | 12 12 1 2 Attach 10 | 3 5 2 . Detach 12 | 6 5 1 . Swap 13 | 2 4 7 . Drop 27 | 9 14 2 2 Fire 165 | 64 81 17 3 Melee . | . . . . Ram . | . . . . Kick . | . . . . Crush . | . . . . Escape Stasis . | . . . . Rewire . | . . . . Trap . | . . . . Miscellaneous . | . . . . Route ------- -11/Scrapyard -10/Materials (discovered 5 exits: [*Mat x3] / [*Min] / [*Sub]) -10/Subcaves -7/Recycling History --------- Turn | Location | Event 3 | -11/Scrapyard | Discovered new exit (range 16) 2011 | -11/Scrapyard | Entered Materials 2012 | -10/Materials | Build established: Mutant 2298 | -10/Materials | Discovered new exit (range 16) 2735 | -10/Materials | Build established: Scavenger-Mutant 3176 | -10/Materials | Discovered new exit (range 16) 4675 | -10/Materials | Discovered new exit (range 5) 4787 | -10/Materials | Discovered new exit (range 15) 5328 | -10/Materials | Core integrity fell below 50% 5612 | -10/Materials | Discovered new exit (range 13) 6826 | -10/Materials | Entered Subcaves 6827 | -10/Subcaves | Approached by a straggling Scientist 6891 | -10/Subcaves | Shifting Twisted Machinery released Sub. Beam Cannon 6892 | -10/Subcaves | Shifting Twisted Machinery released Sub. Beam Cannon 7021 | -10/Subcaves | Ambushed by Subdwellers from Twisted Machinery 7336 | -10/Subcaves | Discovered new exit (range 15) 7360 | -10/Subcaves | Build established: Mutant 7409 | -10/Subcaves | Core integrity fell below 20% 7422 | -10/Subcaves | Identified exit to Recycling 7423 | -10/Subcaves | Entered Recycling 7424 | -7/Recycling | Met a Zionite searching for Scraptown 7905 | -7/Recycling | Destroyed by Y-54 Guardian with Flak Gun Last Messages --------------- No branch access points found. 07591_ Connecting with Recycling Unit... >>Recycling(Report) Matter reserves: 0 Inventory: Core Analyzer (33%) Imp. Trap Extractor (29%) Shock Absorption System (40%) 07655_ Dropped Spread Laser. 07655_ Acquired Hpw. Shotgun. 07657_ R-06 Scavenger collects Spread Laser. 07658_ Dropped Spread Laser. 07659_ Acquired Hpw. Shotgun. 07661_ R-06 Scavenger collects Spread Laser. 07671_ Connecting with Terminal... >>Inventory(Components) Retrieving component inventory records... No registered component stockpiles. 07748_ Connecting with Terminal... 07886_ Aluminum Leg destroyed. Map ----- +----------------------------------------------------+ | """ #?????????????????????????????????????????? | | """ #?????????????????????????????????????????? | | """ ###???????????????????????????????????????? | | "" ???????????????????????????????????????? | | #?????????????????????????????????????????? | | #?????????????????????????????????????????? | | ?????????###########???????????????????????? | | #??????????##### #???????????????????????? | | ???????????# # #???????????????????????? | | ?#####+##### # """ """ #???????????????????????? | | ?# # # """ """ #???????????????????????? | | ## # # """ """ #???????????????????????? | | + # # #???????????????????????? | | # """ / + #???????????????????????? | | #" """ # # """T""" #???????????????????????? | | #T """ # ###########???????????????????????? | | #" # [[#?#####????????#????????????????? | | # # [ ###"T"####???? ?????????????????? | | ########### # #???? ?????????????????? | | ""#???????# ### #??? #?????????????????? | | Y"#???????# #?# """ #?## #?????????????????? | | ""#???????# #?# """ ## # #?????????????????? | | ###???????# #?# """ # #?????????????????? | | ########### #?# # #?????????#???????? | | ### """ # ###### ???????? | | + """ @# " ????????? | | """"" ### """ Y % "T?????????? | | """"" #?# # #??????? | | """"" #?# """ #####+##### ???????? | | ### """ #??????????????????????? | | + """ #??????????????????????? | | +##+######## # #??????????????????????? | | #??# # """ #??????????????????????? | | #??# + """ #??????????????????????? | | #??# ##### """ #??????????????????????? | | #??# #???# #??????????????????????? | | #??# #???##########??????????????????????? | | #??# #???????????????????????????????????? | | #### ############# #?????????????????????? | | + +???????????????????? | | ## #######################??????????????????????? | | #?##?????????????????????????????????????????????? | | ?????????????????????????????????????????????????? | | ?????????????????????????????????????????????????? | | ?????????????????????????????????????????????????? | | ?????????????????????????????????????????????????? | | | | | | | | | +----------------------------------------------------+ Best States ------------- Heat Dissipation 25 Energy Generation 10 Energy Capacity 250 Matter Stores 400 Matter Capacity 400 Sight Range 16 Robot Scan Range 14 Terrain Scan Range 16 Terrain Scan Density 10 Evasion (%) 55 Item Schematics ----------------- None Robot Schematics ------------------ None Fabricated ------------ Nothing Repaired ---------- Nothing Studied --------- None Alien Tech Used ----------------- None Achievements -------------- None Challenges ------------ None Game ------ Seed ScanAngularBoregun Manual? 0 Play Time 00:58:52 Cumulative 26.2 hours Start 2025.12.18 @ 18:36:56 End 2025.12.18 @ 19:59:55 Sessions 1 Manual Loads 0 Difficulty Rogue Special Mode None Game No. 27 Rogue 27 Adventurer 0 Explorer 0 Win Type - Total 0 Types 0/0/0/0/0/0/0/0/0/0 Lore% 15 Gallery% 27 Achievement% 21 Wizard Run 0 Options --------- Layout 0 ASCII 0 Keyboard 0 Movement Mouse Keybinds 0 Fullscreen 2 Font 24/Smallcaps Map View 76x50 Zoom Use 0% Tactical HUD 1 Map Filters NONE Filters NONE Steam 1 RUN: f87dbddb-3060-47ee-b72d-a244d457a100